 Dungeon Sprint DCSS version 0.27-a0-463-gec7707c53d (webtiles) character file.

Game seed: 13174702391545866010

931 mhtbhm the Cleaver (level 7, -3/109 HPs)
             Began as a Minotaur Fighter on Mar 1, 2021.
             Was a High Priest of Trog.
             Slain by a 15-headed hydra (9 damage)
             ... in the Dungeon (Sprint VII: "The Pits").
             The game lasted 00:01:33 (370 turns).

mhtbhm the Cleaver (Minotaur Fighter)                Turns: 370, Time: 00:01:34

Health: -3/109     AC: 14    Str: 22    XL:     7   Next: 86%
Magic:  6/6        EV:  8    Int:  5    God:    Trog [*****.]
Gold:   0          SH: 12    Dex: 10    Spells: 6/6 levels left

rFire    . . .     SeeInvis .   a - +2 hand axe
rCold    . . .     Faith    .   c - +0 kite shield
rNeg     . . .     Spirit   .   b - +3 chain mail
rPois    .         Reflect  .   (helmet restricted)
rElec    .         Harm     .   (no cloak)
rCorr    .         Rampage  .   (no gloves)
Will     .....     NoTele   +   (no boots)
Stlth    ..........             (no amulet)
HPRegen  0.28/turn              (no ring)
MPRegen  0.10/turn              (no ring)

@: berserking, very quick
A: retaliatory headbutt, horns 2
a: Renounce Religion, Berserk, Trog's Hand, Brothers in Arms


You were in the Dungeon.
You worshipped Trog.
Trog was extremely pleased with you.
You visited 1 branch

Inventory:

Hand Weapons
 a - a +2 hand axe (weapon)
Armour
 b - a +3 chain mail (worn)
 c - a +0 kite shield (worn)
Scrolls
 j - a scroll of blinking
 l - a scroll of summoning
Potions
 d - a potion of might
 e - 5 potions of curing
 f - 6 potions of heal wounds
 g - a potion of haste
 h - 4 potions of magic
 i - 3 potions of berserk rage
 k - 2 potions of invisibility


   Skills:
 + Level 10.5 Fighting
 + Level 11.0 Axes
 + Level 10.4 Armour
 + Level 1.9 Dodging
 + Level 10.8 Shields


You had 6 spell levels left.
You didn't know any spells.
Your spell library was empty.

Dungeon Overview and Level Annotations

Branches:
Dungeon (1/1)

Altars:
Cheibriados
Dithmenos
Elyvilon
Fedhas
Gozag
Hepliaklqana
Makhleb
Nemelex Xobeh
Okawaru
Qazlal
Ru
Sif Muna
Trog
Vehumet
Wu Jian
Xom
Yredelemnul
Zin
The Shining One
Beogh
Jiyva
Lugonu


Innate Abilities, Weirdness & Mutations

You reflexively headbutt those who attack you in melee.
You have a pair of horns on your head.


Message History

The 12-headed hydra bites you but does no damage.
The 12-headed hydra bites you!
The 12-headed hydra bites you but does no damage. x2
The 12-headed hydra completely misses you.
The 12-headed hydra bites you but does no damage.
The 12-headed hydra barely misses you. x2
The 12-headed hydra bites you but does no damage.
You hack one of the 12-headed hydra's heads off!
The 11-headed hydra grows two more!
You slash the 13-headed hydra!
The 13-headed hydra is severely wounded.
Unknown command.
You slice one of the 13-headed hydra's heads off!
The 12-headed hydra grows two more!
You slash the 14-headed hydra!
Your headbutt misses the 14-headed hydra.
The 14-headed hydra is almost dead.
You block the 14-headed hydra's attack. x2; The 14-headed hydra bites you.
The 14-headed hydra bites you but does no damage.
The 14-headed hydra barely misses you. The 14-headed hydra bites you!
* * * LOW HITPOINT WARNING * * *
The 14-headed hydra closely misses you. The 14-headed hydra barely misses you.
The 14-headed hydra bites you.
* * * LOW HITPOINT WARNING * * *
The 14-headed hydra bites you.
* * * LOW HITPOINT WARNING * * *
The 14-headed hydra bites you.
* * * LOW HITPOINT WARNING * * *
The 14-headed hydra bites you.
* * * LOW HITPOINT WARNING * * *
The 14-headed hydra bites you.
* * * LOW HITPOINT WARNING * * *
The 14-headed hydra barely misses you.
Unknown command.
You chop one of the 14-headed hydra's heads off!
The 13-headed hydra grows two more!
You slash the 15-headed hydra! You headbutt the 15-headed hydra!
The 15-headed hydra is almost dead.
The 15-headed hydra bites you.
* * * LOW HITPOINT WARNING * * *
The 15-headed hydra bites you!
You die...

#.##'#.†.†.##...<...#
#.#........##.......#
#.#........##.......#
#'###########.......#
#)).....#..##########
#)))....#)######
#...#...#)#....#
#..###..#)#†...#
#...#...#.@D...+
#.......#†#....#
#.......'.#....#
################


You could see a 15-headed hydra.

Vanquished Creatures
  A redback (D)
  A warg (D)
  A water moccasin (D)
  A floating eye (D)
  A black bear (D)
  A bullfrog (D)
  4 wights (D)
  An orc priest (D)
  A gnoll shaman (D)
  2 adders (D)
  3 gnolls (D)
  An ooze (D)
  An adder zombie (D)
  A leopard gecko (D)
  6 orcs (D)
  A goblin (D)
  A quokka (D)
  A frilled lizard (D)
  A kobold (D)
  A quokka skeleton (D)
31 creatures vanquished.

Notes
Turn   | Place    | Note
-------+----------+-------------------------------------------
     0 | D        | mhtbhm the Minotaur Fighter began the quest for the Orb.
     0 | D        | Reached XP level 1. HP: 19/19 MP: 0/0
     9 | D        | Noticed a floating eye
    12 | D        | Killed a floating eye
    13 | D        | Reached skill level 4 in Axes
    13 | D        | Reached XP level 2. HP: 31/31 MP: 1/1
    13 | D        | Reached XP level 3. HP: 38/38 MP: 2/2
    13 | D        | Reached XP level 4. HP: 45/45 MP: 3/3
    17 | D        | Found a bloodstained altar of Trog.
    17 | D        | Found a shimmering blue altar of Sif Muna.
    17 | D        | Found a viscous altar of Jiyva.
    17 | D        | Found a hazy altar of Hepliaklqana.
    17 | D        | Found an opulent altar of Gozag.
    18 | D        | Found a glowing golden altar of the Shining One.
    18 | D        | Found a glowing silver altar of Zin.
    18 | D        | Found a basalt altar of Yredelemnul.
    18 | D        | Found a shimmering altar of Xom.
    18 | D        | Found an ornate altar of the Wu Jian Council.
    18 | D        | Found a sacrificial altar of Ru.
    18 | D        | Found a stormy altar of Qazlal.
    18 | D        | Found an iron altar of Okawaru.
    18 | D        | Found a sparkling altar of Nemelex Xobeh.
    18 | D        | Found a burning altar of Makhleb.
    18 | D        | Found a blossoming altar of Fedhas.
    18 | D        | Found a white marble altar of Elyvilon.
    18 | D        | Found a shadowy altar of Dithmenos.
    18 | D        | Found a snail-covered altar of Cheibriados.
    20 | D        | Found a radiant altar of Vehumet.
    20 | D        | Found a corrupted altar of Lugonu.
    20 | D        | Found a roughly hewn altar of Beogh.
    22 | D        | Became a worshipper of Trog the Wrathful
   174 | D        | Reached * piety under Trog
   183 | D        | Noticed a black bear
   184 | D        | Reached ** piety under Trog
   189 | D        | Killed a black bear
   190 | D        | Reached skill level 6 in Axes
   190 | D        | Reached XP level 5. HP: 46/53 MP: 4/4
   261 | D        | Noticed a warg
   262 | D        | Noticed a water moccasin
   266 | D        | Reached *** piety under Trog
   270 | D        | Killed a water moccasin
   271 | D        | Reached skill level 7 in Axes
   271 | D        | Reached XP level 6. HP: 63/63 MP: 5/5
   272 | D        | Killed a warg
   273 | D        | Reached skill level 8 in Axes
   273 | D        | Reached skill level 1 in Dodging
   273 | D        | Reached skill level 10 in Shields
   273 | D        | Reached XP level 7. HP: 71/71 MP: 6/6
   277 | D        | Reached **** piety under Trog
   278 | D        | Reached skill level 9 in Axes
   280 | D        | Reached skill level 10 in Fighting
   285 | D        | Reached ***** piety under Trog
   286 | D        | Reached skill level 10 in Armour
   292 | D        | Reached skill level 10 in Axes
   335 | D        | Noticed a redback
   339 | D        | Killed a redback
   340 | D        | Reached skill level 11 in Axes
   360 | D        | Noticed an eight-headed hydra
   364 | D        | Identified the +13 great mace "Qunwung" {antimagic, Int+2}
                  | (Trog gifted it to you in the Dungeon)
   364 | D        | Received a gift from Trog
   370 | D        | Slain by a 15-headed hydra

Illustrated notes

Levels and vault maps discovered:
D:        pitsprint [storerooms_1, entrance_room_1, metal_vault_6, armoury_2,
          mini_pit_1, grid_room_1, main_hall_1, silver_pit, the_coven_2,
          the_vestibule_1, steel_vault_4, golden_pit, hallway_of_sentries,
          crystal_vault_3, iron_vault_2, final_vault]

Skill      XL: |  1  2  3  4  5  6  7 |
---------------+----------------------+-----
Fighting       | 6 8 9 10 | 10.5
Axes           | 4 6 7 8 11 | 11.0
Armour         | 6 8 9 10 | 10.4
Shields        | 6 8 9 10 | 10.8
Dodging        | 1 |  1.9

Action                   |  1- 3 |  4- 6 |  7- 9 || total
-------------------------+-------+-------+-------++-------
Melee: War axe           |     2 |       |       ||     2
       Hand axe          |       |    27 |    41 ||    68
       Headbutt          |       |     5 |     7 ||    12
Invok: Berserk           |       |     1 |     1 ||     2
  Use: Potion            |       |       |     1 ||     1
Armor: Scale mail        |       |    12 |       ||    12
       Chain mail        |       |     8 |    32 ||    40
Dodge: Dodged            |       |    10 |    26 ||    36
Block: Kite shield       |       |    19 |    26 ||    45

Table legend: (Time is in decaauts)
 A = Elapsed time spent in this place.
 B = Non-inter-level travel time spent in this place.
 C = Inter-level travel time spent in this place.
 D = Time resting spent in this place.
 E = Time spent auto-exploring this place.
 F = Levels seen in this place.
 G = Mean time per level.
                   A        B        C        D        E       F      G
               +--------+--------+--------+--------+--------+-----+--------+
         Total |    376 |    376 |      0 |    121 |     32 |   1 |  376.0 |
       Dungeon |    376 |    376 |      0 |    121 |     32 |   1 |  376.0 |
               +--------+--------+--------+--------+--------+-----+--------+

Top non-repeatable levels by time:
       D: 376 daAuts
